 Seeded DCSS version 0.28-a0-1555-g9ae15a6949 (webtiles) character file.

Game seed: 6632949731941055012 (custom seed)

849 knot the Skirmisher (level 7, -1/56 HPs)
             Began as a Demonspawn Berserker on Jan 18, 2022.
             Was a Believer of Trog.
             Shot with an arrow by a centaur (8 damage)
             ... on level 5 of the Dungeon.
             The game lasted 00:04:04 (6359 turns).

knot the Skirmisher (Demonspawn Berserker)          Turns: 6359, Time: 00:04:05

Health: -1/56      AC:  4    Str: 15    XL:     7   Next: 69%
Magic:  7/7        EV: 13    Int:  8    God:    Trog [**....]
Gold:   267        SH:  0    Dex: 13    Spells: 6/6 levels left

rFire   . . .      SeeInvis .   i - +0 war axe
rCold   . . .      Faith    .   (no shield)
rNeg    . . .      Spirit   .   b - +0 animal skin
rPois   .          Reflect  .   p - +2 hat
rElec   .          Harm     .   (no cloak)
rCorr   .          Rampage  .   (no gloves)
Will    ++...                   (no boots)
Stlth   ++........              (no amulet)
HPRegen 0.18/turn               l - ring of willpower
MPRegen 0.20/turn               s - ring of willpower

@: no status effects
A: horns 2, magic regeneration, camouflage 1, dopey 1, passive freeze, weak 1
a: Renounce Religion, Berserk, Trog's Hand


You were on level 5 of the Dungeon.
You worshipped Trog.
Trog was pleased with you.
You visited 1 branch of the dungeon, and saw 5 of its levels.

You collected 267 gold pieces.

Inventory:

Hand Weapons
 i - a +0 war axe (weapon)
Missiles
 c - 194 stones (quivered)
 e - 41 arrows
Armour
 b - a +0 animal skin (worn)
 p - a +2 hat (worn)
Jewellery
 l - a ring of willpower (left hand)
 m - a ring of fire
 s - a ring of willpower (right hand)
 v - a ring of willpower
Wands
 u - a wand of paralysis (13)
Scrolls
 d - a scroll of summoning {unknown}
 f - a scroll of brand weapon {unknown}
 g - a scroll of vulnerability {unknown}
 h - a scroll of magic mapping {unknown}
 j - 2 scrolls of identify {unknown}
 k - a scroll of enchant weapon {unknown}
 t - a scroll of noise {unknown}
 w - a scroll of fog {unknown}
 x - a scroll of blinking {unknown}
Potions
 a - a potion of resistance {unknown}
 n - a potion of invisibility {unknown}
 o - 3 potions of might {unknown}
 q - a potion of brilliance {unknown}
 r - a potion of mutation


   Skills:
 + Level 5.2 Fighting
 + Level 4.7 Axes
 + Level 4.3 Armour
 + Level 4.3 Dodging


You had 6 spell levels left.
You didn't know any spells.
Your spell library was empty.

Dungeon Overview and Level Annotations

Branches:
Dungeon (5/15)
 Temple: D:4-7

Altars:

Shops:
D:2 =

Annotations:
D:5 Dowan


Innate Abilities, Weirdness & Mutations

You have a pair of horns on your head.
You regenerate magic rapidly.
Your skin changes colour to match your surroundings (Stealth+).
You are dopey. (Int -2)
A frigid envelope surrounds you and freezes all who hurt you.
You are weak. (Str -2)


Message History

x - a scroll labelled YSCHIX NOSEAF
There is an open door here.
Things that are here:
a +0 shortbow; a centaur corpse A yak comes into view.
A yak comes into view. x2 2 yaks come into view.
The yak bellows! x3
An iguana comes into view.
The yak moves out of view.
A centaur comes into view.
There are monsters nearby!
Found 2 gold pieces.
The yak bellows!
Something unseen opens the door.
The iguana hisses angrily.
The yak bellows!
You hit the yak. You headbutt the yak!
The yak is moderately wounded.
You closely miss the yak. The yak gores you!
Dowan, Brother of Duvessa comes into view.
He is wielding a +0 dagger.
The yak gores you.
You closely miss the yak.
The yak is moderately wounded.
You barely miss the yak.
The yak gores you! x2; The yak gores you.
Unknown command.
The centaur wields a +0 shortbow.
The centaur shoots an arrow.
The arrow hits you.
The yak snorts and paws the ground.
The centaur shoots an arrow.
The arrow closely misses you.
There is an open door here.
Things that are here:
a +0 shortbow; a centaur corpse The centaur shoots an arrow.
The arrow hits you!
* * * LOW HITPOINT WARNING * * *
The centaur shoots an arrow.
The arrow barely misses you.
It was a potion of mutation.
You feel extremely strange.
Your skin functions as natural camouflage.
You feel weaker.
You feel stupid.
Your skin feels very cold.
The yak completely misses you.
The centaur shoots an arrow.
The arrow hits you!
You die...

##.....#####..###############.##.
+#..#..#....................>....
.'.#⌠#.'.####.######.#.#........<
##..#..### #.# #.#.######.#..
##.....# #.# #.#........#..
####+### ##'######....########. #
#..# #..[.....[...###### #.
###..# #.........<..##...###.
.##c.# #..YY@....#.......'.#.
c).Y.# #........[........#.#.
.###.# ####..........#.##...#.##
.# #Y####.Y..c........#.##...#.#
.# #...Y.Y...#######..#+##.###.#
.# #####.....###...........###.#
.# #........................# .#
#....................###### ##
####.........................#


You could see 4 yaks and a centaur.

Vanquished Creatures
  A sky beast (D:5)
  A necrophage (D:5)
  A phantom (D:5)
  A centaur (D:5)
  A scorpion (D:5)
  2 howler monkeys
  A jelly (D:5)
  A gnoll shaman (D:4)
  Natasha (thrice) (D:3)
  An orc wizard (D:3)
  Robin (D:4)
  7 gnolls (D:4)
  7 adders
  An adder skeleton (D:4)
  9 orcs
  6 ball pythons
  8 endoplasms
  2 giant cockroaches
  12 goblins
  9 hobgoblins
  4 quokkas
  3 bats (D:1)
  3 frilled lizards
  8 kobolds
  3 rats
96 creatures vanquished.

Notes
Turn   | Place    | Note
-------+----------+-------------------------------------------
     0 | D:1      | knot the Demonspawn Berserker began the quest for the Orb.
     0 | D:1      | Reached XP level 1. HP: 18/18 MP: 1/1
   442 | D:1      | Gained mutation: You regenerate magic rapidly. [demonic
                  | ancestry]
   442 | D:1      | Reached XP level 2. HP: 24/24 MP: 2/2
  1860 | D:2      | Reached XP level 3. HP: 27/29 MP: 3/3
  1993 | D:2      | Reached ** piety under Trog
  2353 | D:2      | Found Bemyij's Jewellery Shop.
  2884 | D:3      | Found a faded altar of an unknown god.
  2924 | D:3      | Reached XP level 4. HP: 35/35 MP: 4/4
  3078 | D:3      | Noticed Natasha
  3084 | D:3      | Killed Natasha
  3124 | D:3      | Noticed Natasha
  3132 | D:3      | Killed Natasha
  3427 | D:3      | Reached XP level 5. HP: 42/42 MP: 5/5
  3557 | D:3      | Noticed Natasha
  3564 | D:3      | Killed Natasha
  3769 | D:3      | Reached skill level 4 in Fighting
  4250 | D:4      | Noticed Robin
  4269 | D:4      | Gained mutation: You have a pair of small horns on your
                  | head. [demonic ancestry]
  4269 | D:4      | Reached XP level 6. HP: 48/48 MP: 6/6
  4273 | D:4      | Killed Robin
  5332 | D:5      | Entered Level 5 of the Dungeon
  5336 | D:5      | Noticed a sky beast
  5346 | D:5      | Killed a sky beast
  5537 | D:5      | Gained mutation: You have a pair of horns on your head.
                  | [demonic ancestry]
  5537 | D:5      | Reached XP level 7. HP: 55/55 MP: 7/7
  5964 | D:5      | Reached skill level 5 in Fighting
  6328 | D:5      | Noticed a yak
  6329 | D:5      | Noticed a yak
  6329 | D:5      | Noticed a yak
  6330 | D:5      | Noticed a yak
  6330 | D:5      | Noticed a yak
  6333 | D:5      | Noticed Dowan
  6359 | D:5      | Gained mutation: Your skin changes colour to match your
                  | surroundings (Stealth+). [potion of mutation]
  6359 | D:5      | Gained mutation: You are weak. (Str -2) [potion of
                  | mutation]
  6359 | D:5      | Gained mutation: You are dopey. (Int -2) [potion of
                  | mutation]
  6359 | D:5      | Gained mutation: A frigid envelope surrounds you and
                  | freezes all who hurt you. [potion of mutation]
  6359 | D:5      | Shot with an arrow by a centaur

Illustrated notes

Levels and vault maps discovered:
D:1:      dpeg_arrival_connections, layout_basic,
          hangedman_abyss_or_decor_stabs, minmay_tripent
D:2:      layout_basic, serial_shops, shop, minmay_misc_feat_tiny,
          minmay_crystal_room, minivault_23
D:3:      layout_basic, ebering_ecumenical_altar_abandoned,
          nicolae_figureground_pulse, uniq_natasha
D:4:      layout_basic, uniq_robin
D:5:      layout_basic, kennysheep_another_room, kennysheep_generic_room_13,
          uniq_duvessa

Skill      XL: |  1  2  3  4  5  6  7 |
---------------+----------------------+-----
Dodging        | 2 3 4 |  4.3
Armour         | 2 3 4 |  4.3
Axes           | 3 4 |  4.7
Fighting       | 4 5 |  5.2

Action                   |  1- 3 |  4- 6 |  7- 9 || total
-------------------------+-------+-------+-------++-------
Melee: Hand axe          |    36 |       |       ||    36
       War axe           |    40 |   122 |    38 ||   200
       Punch             |       |     2 |       ||     2
       Headbutt          |       |     8 |     9 ||    17
Invok: Berserk           |     1 |     7 |       ||     8
       Trog's Hand       |       |     2 |       ||     2
  Use: Potion            |     1 |     1 |     1 ||     3
 Stab: Sleeping          |     3 |       |       ||     3
Armor: Animal skin       |    12 |    29 |     9 ||    50
Dodge: Dodged            |    49 |   114 |    44 ||   207

Table legend: (Time is in decaauts)
 A = Elapsed time spent in this place.
 B = Non-inter-level travel time spent in this place.
 C = Inter-level travel time spent in this place.
 D = Time resting spent in this place.
 E = Time spent auto-exploring this place.
 F = Levels seen in this place.
 G = Mean time per level.
                   A        B        C        D        E       F      G
               +--------+--------+--------+--------+--------+-----+--------+
         Total |   6499 |   6278 |    221 |   1904 |   3714 |   5 | 1299.8 |
       Dungeon |   6499 |   6278 |    221 |   1904 |   3714 |   5 | 1299.8 |
               +--------+--------+--------+--------+--------+-----+--------+

Top non-repeatable levels by time:
     D:4: 1503 daAuts
     D:2: 1491 daAuts
     D:1: 1392 daAuts
     D:3: 1386 daAuts
     D:5: 726 daAuts
